 Dungeon Crawl Stone Soup version 0.31-a0-574-g69dc8cc98e (webtiles) character file.

Game seed: 173159045311870238

669 thirtiethelement the Firebug (level 7, -1/55 HPs)
             Began as a Demonspawn Cinder Acolyte on Aug 19, 2023.
             Was an Elder of Ignis.
             Slain by Pikel
             ... wielding a +1 whip of electrocution
              (7 damage)
             ... on level 4 of the Dungeon.
             The game lasted 00:14:13 (3846 turns).

thirtiethelement the Firebug (DsCA)                 Turns: 3846, Time: 00:14:14

Health: -1/55      AC:  6    Str: 14      XL:     7   Next: 32%
Magic:  0/13       EV: 11    Int: 22      God:    Ignis [****..]
Gold:   227        SH:  0    Dex:  7 (8)  Spells: 9/14 levels left

rFire   + + .        r - +5 woodcutter's axe
rCold   x . .        (shield currently unavailable)
rNeg    . . .        w - +0 leather armour
rPois   .            g - +0 helmet
rElec   .            m - +1 cloak
rCorr   .            (no gloves)
SInv    .            (no boots)
Will    .....        (no amulet)
Stlth   +            k - ring of fire
HPRegen 0.29/turn    (no ring)
MPRegen 0.26/turn

%: guardian spirit
@: studying Throwing
A: magic shield, magic regeneration, big brain 2, weakness stinger 1
a: Renounce Religion, Fiery Armour, Foxfire Swarm, Rising Flame


You were on level 4 of the Dungeon.
You worshipped Ignis.
Ignis was greatly pleased with you.
You visited 1 branch of the dungeon, and saw 5 of its levels.

You collected 227 gold pieces.

Inventory:

Hand Weapons
 a - a -1 falchion of flaming
 r - the +5 woodcutter's axe (weapon)
   (You took it off a gnoll on level 3 of the Dungeon)
Missiles
 u - 4 javelins (quivered)
Armour
 g - a +0 helmet (worn)
 m - a +1 cloak (worn)
 w - a +0 leather armour (worn)
Magical Staves
 c - a staff of air
Jewellery
 k - a ring of fire (left hand)
 t - a ring of ice
Wands
 n - a wand of flame (21)
 v - a wand of light (8)
Scrolls
 d - 2 scrolls of immolation
 f - 2 scrolls of vulnerability {unknown}
 h - a scroll of fear {unknown}
 j - a scroll of blinking {unknown}
 p - 3 scrolls of identify {unknown}
 q - a scroll of butterflies {unknown}
 s - 2 scrolls of enchant armour {unknown}
Potions
 b - 2 potions of degeneration {unknown}
 e - 4 potions of curing {unknown}
 i - a potion of invisibility {unknown}
 l - 2 potions of lignification {unknown}
 o - a potion of attraction {unknown}
 x - a potion of magic {unknown}


   Skills:
 + Level 4.3 Fighting
 + Level 3.3 Long Blades
 + Level 1.1 Axes
 + Level 0.4 Armour
 + Level 2.0 Dodging
 + Level 0.4 Stealth
 + Level 4.2 Spellcasting
 + Level 4.4 Fire Magic


You had 9 spell levels left.
You knew the following spells:

 Your Spells              Type           Power      Damage    Failure   Level
a - Scorch                Fire           72%        2d8       3%          2
b - Frozen Ramparts       Ice            8%         1d2       38%         3

Your spell library contained the following spells:

 Spells                   Type           Power      Damage    Failure   Level
 Kiss of Death            Conj/Necr      16%        2d6       14%         1
 Wereblood                Tmut           4%         N/A       22%         2
 Call Canine Familiar     Summ           4%         N/A       38%         3
 Confusing Touch          Hex            4%         N/A       38%         3
 Portal Projectile        Hex/Tloc       8%         N/A       38%         3
 Dispel Undead            Necr           4%         3d7       80%         4
 Leda's Liquefaction      Hex/Erth       2%         N/A       80%         4
 Petrify                  Tmut/Erth      4%         N/A       80%         4
 Irradiate                Conj/Tmut      2%         3d12      98%         5
 Metabolic Englaciation   Hex/Ice        2%         N/A       98%         5


Dungeon Overview and Level Annotations

Branches:
Dungeon (5/15)
 Temple: D:4-7

Altars:
Makhleb

Annotations:
D:4 Pikel


Innate Abilities, Weirdness & Mutations

When hurt, damage is shared between your health and your magic reserves.
You regenerate magic rapidly.
You have an extremely huge brain. (Int +4)
You have a small tail.


Message History

The foxfire hits Pikel.
Pikel is moderately wounded.
The foxfire hits Pikel.
Pikel is moderately wounded.
The foxfire hits Pikel.
Pikel is heavily wounded.
The foxfire hits Pikel but does no damage.
Pikel is heavily wounded.
The foxfire hits Pikel.
Pikel is heavily wounded.
The foxfire hits Pikel.
Pikel is heavily wounded.
The foxfire hits Pikel.
Pikel is severely wounded.
You closely miss Pikel.
Pikel is severely wounded.
Pikel closely misses you.
You barely miss Pikel.
Pikel is severely wounded.
Pikel hits you with a +1 whip of electrocution.
* * * LOW HITPOINT WARNING * * *
Casting: Scorch (safe; 3% risk of failure)
Confirm with . or Enter, or press ? or * to list all spells.
You feel a surge of power!
Flames lash Pikel.
Pikel is almost dead.
Pikel's fire resistance burns away.
Pikel hits you with a +1 whip of electrocution.
* * * LOW HITPOINT WARNING * * *
You closely miss Pikel.
Pikel is almost dead.
Pikel says, "I'm sure they'll be treated well, anyway."
Pikel misses you.
You hit Pikel.
Pikel is almost dead.
Pikel misses you.
You closely miss Pikel.
Your tail-slap misses Pikel.
Pikel is almost dead.
Pikel says, "You'll feel the lick of my whip!"
Pikel hits you with a +1 whip of electrocution!
You die...

#.#.#............###### #.
#.#.##........>.......# #.
#.#....#....>.##......########.
###.#########....'.<....'........
#.......#...#..###......########.
######.#รท...#..#........# #.
#....#....#.######## #.
###.##......### #.
#.......K@..######## ##
####..#.###........# ##..v#
#........# ## #.### #).......###
#. #######'#####.#......+.## #.
#.....)[).....#......#..###.
#.........#####......'......
#.........# #........##.##..
#.........# #.....#.....###.


You could see Pikel (pursuing, combustible).

Vanquished Creatures
  The ghost of Pokonic1 the Ogre Mage, an amateur OgAE (D:3)
  2 gnoll sergeants (D:3)
  A scorpion (D:4)
  A howler monkey (D:4)
  A quasit (D:5)
  A jelly (D:3)
  An orc priest (D:4)
  Ijyb (D:4)
  An orc wizard (D:3)
  6 gnolls
  3 adders
  A shadow imp (D:5)
  5 dart slugs
  2 worms (D:2)
  10 orcs
  6 endoplasms
  15 giant cockroaches
  9 goblins
  7 hobgoblins
  4 jackals (D:1)
  6 quokkas
  4 ball pythons
  6 bats
  A frilled lizard (D:2)
  8 kobolds
  A rat (D:2)
104 creatures vanquished.

Vanquished Creatures (others)
  51 foxfires
51 creatures vanquished.

Grand Total: 155 creatures vanquished

Notes
Turn   | Place    | Note
-------+----------+-------------------------------------------
     0 | D:1      | thirtiethelement the Demonspawn Cinder Acolyte began the
                  | quest for the Orb.
     0 | D:1      | Reached XP level 1. HP: 18/18 MP: 2/2
   206 | D:1      | Gained mutation: You have an unusually large brain. (Int
                  | +2) [demonic ancestry]
   206 | D:1      | Reached XP level 2. HP: 24/24 MP: 3/3
   209 | D:1      | Learned a level 2 spell: Scorch
   366 | D:1      | Reached skill level 1 in Dodging
   524 | D:1      | Gained mutation: You have an extremely huge brain. (Int +4)
                  | [demonic ancestry]
   524 | D:1      | Reached XP level 3. HP: 29/29 MP: 1/4
  1321 | D:2      | Gained mutation: You have a small tail. [demonic ancestry]
  1321 | D:2      | Reached XP level 4. HP: 37/37 MP: 3/6
  1482 | D:2      | Found a burning altar of Makhleb.
  2323 | D:3      | Gained mutation: You regenerate magic rapidly. [demonic
                  | ancestry]
  2323 | D:3      | Reached XP level 5. HP: 13/41 MP: 3/8
  2714 | D:3      | Found a runed translucent door.
  2718 | D:3      | Noticed Pokonic1's ghost (amateur OgAE)
  2733 | D:3      | Killed Pokonic1's ghost
  2734 | D:3      | Gained mutation: When hurt, damage is shared between your
                  | health and your magic reserves. [demonic ancestry]
  2734 | D:3      | Reached XP level 6. HP: 41/48 MP: 4/11
  2824 | D:3      | Identified the +4 mace of the Nexus {freeze, Drain rPois
                  | Str+6 SInv}
  3213 | D:4      | Noticed Ijyb
  3222 | D:4      | Killed Ijyb
  3281 | D:4      | Learned a level 3 spell: Frozen Ramparts
  3372 | D:4      | Reached XP level 7. HP: 41/54 MP: 10/13
  3767 | D:5      | Entered Level 5 of the Dungeon
  3773 | D:5      | Reached skill level 1 in Axes
  3773 | D:5      | Noticed Pikel
  3846 | D:4      | Slain by Pikel

Illustrated notes

Levels and vault maps discovered:
D:1:      erik_arrival_blinker_ship, layout_loops_ring, minivault_4,
          item_on_display_a
D:2:      layout_rooms, basic_altar
D:3:      minmay_roachtagon, layout_loops_corners, ebering_ghost_inner_flame,
          chequers_serial_rivers_room_b, grunt_ministairs_5,
          pf_guarded_unrand_woodcutter
D:4:      layout_basic, minmay_manual_mail, uniq_ijyb
D:5:      layout_rooms, mainiacjoe_overflow_alcove_4, minmay_temple_entry_trees,
          serial_demonic, serial_demonic_e, serial_demonic_a, serial_demonic_c,
          serial_demonic_c, serial_demonic_e, serial_demonic_f,
          serial_demonic_f, minmay_stone_trees_small, minivault_27, uniq_pikel,
          uniq_blork_the_orc

Skill      XL: |  1  2  3  4  5  6  7 |
---------------+----------------------+-----
Long Blades    | 3 |  3.3
Dodging        | 1 2 |  2.0
Fire Magic     | 3 4 |  4.4
Spellcasting   | 2 3 4 |  4.2
Fighting       | 4 |  4.3
Axes           | 1 |  1.1
Armour         | |  0.4
Stealth        | |  0.4

Action                     |  1- 3 |  4- 6 |  7- 9 || total
---------------------------+-------+-------+-------++-------
  Melee: Falchion          |   103 |    15 |       ||   118
         Punch             |     1 |     1 |       ||     2
         Battleaxe         |       |    58 |    32 ||    90
         Tailslap          |       |     3 |     2 ||     5
   Cast: Scorch            |    17 |    38 |     3 ||    58
 Invoke: Foxfire Swarm     |       |     2 |     1 ||     3
 Armour: Robe              |    41 |    14 |       ||    55
         Leather armour    |       |     6 |    13 ||    19
  Dodge: Dodged            |    62 |    46 |    22 ||   130

Table legend: (Time is in decaauts)
 A = Elapsed time spent in this place.
 B = Non-inter-level travel time spent in this place.
 C = Inter-level travel time spent in this place.
 D = Time resting spent in this place.
 E = Time spent auto-exploring this place.
 F = Levels seen in this place.
 G = Mean time per level.
                   A        B        C        D        E       F      G
               +--------+--------+--------+--------+--------+-----+--------+
         Total |   3866 |   3769 |     97 |    243 |   2798 |   5 |  773.2 |
       Dungeon |   3866 |   3769 |     97 |    243 |   2798 |   5 |  773.2 |
               +--------+--------+--------+--------+--------+-----+--------+

Top non-repeatable levels by time:
     D:3: 1556 daAuts
     D:1: 934 daAuts
     D:2: 706 daAuts
     D:4: 652 daAuts
     D:5: 16 daAuts
